 Dungeon Crawl Stone Soup version 0.24-a0-102-g7635c99 (console) character file.

Game seed: 10913772172225419026

93 Duffy the Chopper (level 4, -2/39 HPs)
             Began as a Naga Gladiator on Feb 12, 2019.
             Slain by Natasha (9 damage)
             ... on level 2 of the Dungeon.
             The game lasted 00:01:15 (1983 turns).

Duffy the Chopper (Naga Gladiator)                  Turns: 1983, Time: 00:01:16

Health: -2/39      AC:  3    Str: 17    XL:     4   Next: 61%
Magic:  4/4        EV: 11    Int:  8    God:
Gold:   74         SH:  0    Dex: 16    Spells: 3/3 levels left

rFire    . . .     SeeInvis +   a - +0 war axe
rCold    . . .     Gourm    .   (no shield)
rNeg     . . .     Faith    .   b - +0 leather armour
rPois    +         Spirit   .   c - +0 helmet
rElec    .         Reflect  .   (no cloak)
rCorr    .         Harm     .   (no gloves)
MR       .....                  (no barding)
Stlth    +.........             (no amulet)
HPRegen  0.13/turn              e - +3 ring of dexterity
MPRegen  0.09/turn              (no ring)

@: very slow
A: large, see invisible, deformed body, poison resistance, slowness 2, slow
metabolism 1, spit poison 1, AC +1
a: Spit Poison


You were on level 2 of the Dungeon.
You were not hungry.

You visited 1 branch of the dungeon, and saw 2 of its levels.

You collected 74 gold pieces.

Inventory:

Hand Weapons
 a - a +0 war axe (weapon)
Missiles
 d - 3 throwing nets
 g - 3 exploding tomahawks (quivered)
Armour
 b - a +0 leather armour (worn)
 c - a +0 helmet (worn)
Jewellery
 e - a +3 ring of dexterity (left hand)
Scrolls
 h - a scroll of fog {unknown}
 i - a scroll of enchant weapon {unknown}
 k - a scroll of teleportation {unknown}
Potions
 j - 3 potions of haste {unknown}
 l - a potion of mutation {unknown}
Comestibles
 f - 4 rations


   Skills:
 - Level 2.0 Fighting
 + Level 4.3 Axes
 - Level 1.7 Throwing
 + Level 3.4 Dodging


You had 3 spell levels left.
You didn't know any spells.
Your spell library was empty.

Dungeon Overview and Level Annotations

Branches:
Dungeon (2/15)

Altars:
Fedhas

Annotations:
D:2 Natasha


Innate Abilities, Weirdness & Mutations

You cannot wear boots.
Your serpentine skin is tough. (AC +1)
You have supernaturally acute eyesight. (SInv)
Armour fits poorly on your strangely shaped body.
Your system is resistant to poisons. (rPois)
You cover ground very slowly.
You have a slow metabolism.
You can spit poison.


Message History

You closely miss Natasha.
Natasha is heavily wounded.
Natasha claws you but does no damage.
Throwing (i - inventory. (/) - cycle)
d - 3 throwing nets (quivered)
Press: ? - help, Shift-Dir - straight line, f - Natasha
Aim: Natasha (heavily wounded)
Okay, then.
Quiver which item? (- for none, * to show all) (? for menu, Esc to quit)
Quivering
g - 5 exploding tomahawks for throwing.
Throwing (i - inventory. (/) - cycle)
g - 5 exploding tomahawks (quivered)
Press: ? - help, Shift-Dir - straight line You throw an exploding tomahawk.
The exploding tomahawk explodes!
Natasha claws you but does no damage.
Throwing (i - inventory. (/) - cycle)
g - 4 exploding tomahawks (quivered)
Press: ? - help, Shift-Dir - straight line You throw an exploding tomahawk.
The exploding tomahawk explodes!
The explosion of tomahawk fragments engulfs Natasha.
Natasha is severely wounded.
Natasha claws you!
You die...

#....###..........#.#.#............
#....#............#.#.....####.#...
#......#..........#.#.....# #.....
#...#.............#.#..#### ###..#
#...###.#.##.>.#..#...## ##.. #####
#...##.#...)#...# ##.
#..#...##.#.#...# #.
##..#.####.#...###.......# ##
######.....# #.#@..# #.......# #
#.........## #.#h..###.......# #
#....)....#####..............# ##
#...................####.....## #.
#...................###.......# #.
#.))..........................####.
#...>................#...........%.
#...............)....#.#.....#####.
.............<.......#.##...## #.


You could see Natasha.

Vanquished Creatures
  Natasha (twice) (D:2)
  2 oozes
  2 dart slugs (D:2)
  A leopard gecko (D:2)
  3 giant cockroaches
  2 goblins (D:2)
  5 hobgoblins
  A quokka (D:2)
  2 bats
  4 frilled lizards
  4 kobolds (D:2)
  5 rats
33 creatures vanquished.

Notes
Turn   | Place    | Note
-------+----------+-------------------------------------------
     0 | D:1      | Duffy the Naga Gladiator began the quest for the Orb.
     0 | D:1      | Reached XP level 1. HP: 19/19 MP: 1/1
   344 | D:1      | Reached XP level 2. HP: 15/26 MP: 2/2
  1225 | D:2      | Reached XP level 3. HP: 29/32 MP: 3/3
  1465 | D:2      | Noticed Natasha
  1467 | D:2      | Found a blossoming altar of Fedhas.
  1472 | D:2      | Killed Natasha
  1472 | D:2      | Reached skill level 4 in Axes
  1472 | D:2      | Reached XP level 4. HP: 31/39 MP: 4/4
  1660 | D:2      | Noticed Natasha
  1669 | D:2      | Killed Natasha
  1970 | D:2      | Noticed Natasha
  1983 | D:2      | Slain by Natasha

Levels and vault maps discovered:
D:1:      wander_arrival_peaceful_grave, layout_loops_corners
D:2:      layout_rooms, fedhas_altar_2, uniq_natasha

Skill      XL: |  1  2  3 |
---------------+----------+-----
Axes           | 4 |  4.3
Dodging        | 3 |  3.4
Fighting       | |  2.0
Throwing       | |  1.7

Action                   |  1- 3 |  4- 6 || total
-------------------------+-------+-------++-------
Melee: War axe           |    58 |    27 ||    85
Throw: Tomahawk          |       |     2 ||     2
  Eat: Chunk             |     1 |     1 ||     2
Armor: Leather armour    |    10 |     6 ||    16
Dodge: Dodged            |    35 |    14 ||    49

Table legend:
 A = Non-vault XP
 B = Vault XP
 C = Vault XP percentage of total XP
 D = Non-vault monster count
 E = Vault monster count
 F = Vault count percentage of total count
                 A         B        C        D         E       F
            +---------+---------+-------+---------+---------+-------
      Total |      98 |      35 |  26.3 |      32 |       1 |   3.0
            +---------+---------+-------+---------+---------+-------
        D:1 |      17 |       0 |   0.0 |       9 |       0 |   0.0
        D:2 |      81 |      35 |  30.2 |      23 |       1 |   4.2
            +---------+---------+-------+---------+---------+-------
